AoeStats
← Princess Mi Amore Cadenza

Arena

507975494Analyzed
4v4 RM · 12d ago on Sep 20, 2026· 43m 52s· 8 players
Game mode
Random Map
Map size
Large (8 player)
Population
200
Speed
Normal
Resources
Standard
Victory
Conquest
Starting age
Dark Age
Ending age
Imperial Age
RankedLock teamsTeams togetherTeam positionsShared explorationLock speedFull tech treeHidden civsTurbo modeCheats
Victory
Defeat
🇨🇳 Bohemians · China
1576
+11
1496
+14
🇨🇳 Magyars · China
1464
+15
1447
+15
🇹🇼 Persians · Taiwan
1473
-15
🇦🇷 Spanish · Argentina
1450
-14
🇷🇺 Khmer · Russia
1436
-13
🇪🇸 Koreans · Spain
1418
-13
Welldone
9:51 Feudal Age
14:46 Castle Age
12:45 Double-Bit Axe
12:56 Horse Collar
15:04 Loom
16:53 Bow Saw
19:10 Heavy Plow
20:04 Light Cavalry
22:39 Husbandry
22:59 Scale Barding Armor
23:34 Bloodlines
24:19 Chain Barding Armor
26:38 Wheelbarrow
29:28 Imperial Age
27:32 Forging
27:41 Gold Mining
28:09 Hand Cart
29:48 Iron Casting
30:07 Hussar
31:27 Plate Barding Armor
31:53 Blast Furnace
32:40 Gold Shaft Mining
32:01 Loom
33:42 Elite Battle Elephant
38:14 Tusk Swords
45:05 Blast Furnace
TdB.victor2.01
10:08 Feudal Age
11:39 Loom
14:27 Castle Age
19:11 Double-Bit Axe
23:28 Scale Mail Armor
30:04 Chain Mail Armor
30:00 Forging
Demon Hunters
4:56 Loom
12:17 Feudal Age
12:54 Double-Bit Axe
12:51 Horse Collar
16:03 Castle Age
16:55 Bow Saw
16:46 Heavy Plow
23:08 Stone Mining
24:19 Gold Mining
25:39 Wheelbarrow
29:27 Imperial Age
26:44 Town Watch
28:36 Scale Barding Armor
28:42 Forging
29:36 Stone Shaft Mining
29:49 Chain Barding Armor
31:05 Gold Shaft Mining
31:47 Plate Barding Armor
32:44 Crop Rotation
33:47 Conscription
33:39 Citadels
35:44 Iron Casting
37:03 Hand Cart
36:12 Elite War Elephant
38:42 Two-Man Saw
40:03 Chemistry
39:15 Masonry
41:32 Fletching
42:42 Blast Furnace
zzy846362
11:02 Feudal Age
11:59 Loom
14:54 Castle Age
13:20 Double-Bit Axe
16:12 Gold Mining
19:44 Husbandry
20:20 Horse Collar
21:35 Scale Barding Armor
21:56 Bloodlines
22:54 Heavy Plow
23:09 Bow Saw
27:35 Wheelbarrow
30:30 Imperial Age
28:40 Fletching
28:51 Padded Archer Armor
28:51 Elite Skirmisher
30:34 Bodkin Arrow
30:54 Leather Archer Armor
31:36 Bracer
32:46 Two-Man Saw
32:35 Cavalier
33:47 Conscription
34:33 Town Watch
35:04 Hand Cart
35:23 Ring Archer Armor
黑人快去挖矿
10:30 Feudal Age
14:44 Castle Age
14:30 Double-Bit Axe
14:27 Horse Collar
15:51 Bow Saw
21:37 Heavy Plow
25:00 Wheelbarrow
24:25 Stone Mining
26:37 Gold Mining
30:33 Imperial Age
28:32 Hand Cart
28:26 Town Watch
29:06 Corvinian Army
29:18 Scale Barding Armor
29:22 Loom
30:29 Chain Barding Armor
30:23 Bloodlines
30:14 Husbandry
32:03 Plate Barding Armor
31:52 Elite Magyar Huszar
32:39 Fletching
33:53 Chemistry
32:51 Heavy Cavalry Archer
34:03 Parthian Tactics
33:54 Thumb Ring
34:19 Bodkin Arrow
34:47 Ballistics
35:05 Conscription
35:54 Recurve Bow
39:25 Bracer
39:26 Padded Archer Armor
39:53 Caravan
40:23 Coinage
40:17 Masonry
41:29 Hoardings
42:33 Treadmill Crane
42:50 Murder Holes
44:15 Leather Archer Armor
BiliBili风间
10:07 Feudal Age
13:44 Castle Age
12:21 Double-Bit Axe
12:16 Horse Collar
15:29 Fervor
19:33 Wheelbarrow
22:16 Bow Saw
22:46 Loom
26:58 Redemption
27:53 Hand Cart
29:18 Sanctity
31:59 Imperial Age
29:19 Pikeman
30:06 Heavy Plow
30:26 Scale Mail Armor
32:31 Chain Mail Armor
32:26 Forging
32:31 Squires
32:02 Halberdier
33:11 Conscription
34:42 Plate Mail Armor
34:48 Iron Casting
35:46 Chemistry
37:21 Illumination
37:12 Block Printing
39:09 Blast Furnace
39:38 Hussite Reforms
42:26 Houfnice
43:24 Siege Engineers
43:32 Fletching
43:42 Padded Archer Armor
44:07 Town Watch
44:54 Coinage
44:24 Caravan
44:22 Bodkin Arrow
Princess Mi Amore Cadenza
11:11 Feudal Age
12:10 Double-Bit Axe
14:58 Castle Age
12:48 Horse Collar
16:23 Heavy Plow
17:59 Wheelbarrow
21:13 Bow Saw
21:48 Loom
22:16 Fletching
26:28 Hand Cart
26:44 Husbandry
26:54 Bloodlines
27:21 Gold Mining
31:23 Imperial Age
30:01 Gold Shaft Mining
30:37 Scale Barding Armor
31:25 Fortified Wall
31:55 Chain Barding Armor
31:46 Forging
32:27 Conscription
31:44 Heavy Camel Rider
33:03 Iron Casting
32:54 Grand Trunk Road
33:34 Plate Barding Armor
34:05 Stone Mining
34:19 Scale Mail Armor
35:20 Blast Furnace
34:44 Imperial Camel Rider
36:43 Chemistry
36:47 Siege Elephant
37:28 Light Cavalry
39:38 Town Watch
40:03 Siege Engineers
40:08 Masonry
40:20 Chain Mail Armor
40:58 Hussar
42:59 Stone Shaft Mining
42:49 Squires
42:34 Arson
42:48 Bodkin Arrow
42:54 Padded Archer Armor
43:51 Masonry
43:37 Murder Holes
正在以雷霆之姿草飞啊这的老冯
10:48 Feudal Age
14:31 Castle Age
12:54 Double-Bit Axe
15:44 Bow Saw
21:00 Fletching
22:26 Bodkin Arrow
23:32 Ballistics
24:29 Husbandry
24:53 Horse Collar
26:13 Bloodlines
29:41 Wheelbarrow
28:53 Loom
28:54 Town Watch
33:45 Imperial Age
31:59 Thumb Ring
32:38 Padded Archer Armor
33:48 Heavy Cavalry Archer
34:40 Bracer
36:12 Chemistry
36:00 Leather Archer Armor
36:00 Capped Ram
37:47 Conscription
37:44 Siege Ram
39:20 Hand Cart
39:36 Masonry
40:14 Parthian Tactics
41:51 Careening
42:35 Heavy Plow
Connection lost

Rejoining the realm…

Still unreachable

The connection could not be restored.

Session expired

The server has moved on; the page needs a fresh start.